 Dungeon Crawl Stone Soup version 0.19.4-8-ga85b6b9 (webtiles) character file.

189 olewithmilk the Slasher (level 5, -7/47 HPs)
             Began as a Draconian Berserker on Feb 12, 2017.
             Was a Believer of Trog.
             Killed by divine providence
             ... invoked by an orc priest
              (10 damage)
             ... on level 3 of the Dungeon.
             The game lasted 00:16:38 (1936 turns).

olewithmilk the Slasher (Draconian Berserker)       Turns: 1936, Time: 00:16:38

Health: -7/47      AC:  5    Str: 20    XL:     5   Next: 40%
Magic:  5/5        EV: 13    Int:  7    God:    Trog [**....]
Gold:   105        SH:  0    Dex: 11    Spells: 0 memorised, 4 levels left

rFire  . . .     SeeInvis .     a - +0 falchion
rCold  . . .     Gourm    .     (armour unavailable)
rNeg   . . .     Faith    .     (no shield)
rPois  .         Spirit   .     (helmet restricted)
rElec  .         Reflect  .     (no cloak)
rCorr  .         Harm     .     (no gloves)
MR     .....                    (no boots)
Stlth  +.........               (no amulet)
                                (no ring)
                                (no ring)

@: no status effects
A: unfitting armour, cold-blooded, AC +5
a: Berserk, Trog's Hand, Burn Spellbooks, Renounce Religion


You were on level 3 of the Dungeon.
You worshipped Trog.
Trog was pleased with you.
You were not hungry.

You visited 1 branch of the dungeon, and saw 3 of its levels.

You collected 105 gold pieces.

Inventory:

Hand Weapons
 a - a +0 falchion (weapon)
Armour
 g - a +0 ring mail
Scrolls
 c - a scroll of remove curse {unknown}
 e - a scroll of enchant weapon {unknown}
 f - a scroll of teleportation {unknown}
 j - a scroll of identify {unknown}
 k - a scroll of random uselessness {unknown}
 m - a scroll of magic mapping {unknown}
Comestibles
 b - a bread ration


   Skills:
 + Level 4.4 Fighting
 + Level 4.6 Long Blades
 + Level 3.7 Dodging
 + Level 0.2 Stealth


You had 4 spell levels left.
You didn't know any spells.

Dungeon Overview and Level Annotations

Branches:
Dungeon (3/15)

Altars:


Innate Abilities, Weirdness & Mutations

Your plain brown scales are hard. (AC +5)
You cannot fit into any form of body armour.
You are cold-blooded and may be slowed by cold attacks.


Message History

You barely miss the orc priest.
The orc priest is moderately wounded.
The orc priest hits you with a club.
You hit the orc priest but do no damage.
The orc priest is moderately wounded.
The orc priest invokes the aid of Beogh against you.
Pain shoots through your body!
You hit the orc priest but do no damage.
The orc priest is moderately wounded.
The orc priest looks braver for a moment.
You closely miss the orc priest.
The orc priest is moderately wounded.
The orc priest calls down the wrath of Beogh upon you.
Beogh smites you!
* * * LOW HITPOINT WARNING * * *
You closely miss the orc priest.
The orc priest is moderately wounded.
The orc priest invokes the aid of Beogh against you.
Beogh smites you!
You die...

#...#.# # #.....#.#
#......# #.[.# # #...# .# .
#...# .##. #..
######...#####.... .
#....###.............###..#
............@....<........#
#..#..##...o...............
.... ######...#####.##.##
.... #...# # #.. #...# ..
#...# . #...# ##.## #.


You could see an orc priest.

Vanquished Creatures
  An ogre (D:2)
  5 adders
  2 worms (D:2)
  4 dart slugs
  3 orcs (D:2)
  8 goblins
  3 hobgoblins
  4 jackals (D:2)
  2 ball pythons
  5 bats
  2 frilled lizards (D:2)
  7 kobolds
  2 rats
48 creatures vanquished.

Notes
Turn   | Place    | Note
-------+----------+-------------------------------------------
     0 | D:1      | olewithmilk the Draconian Berserker began the quest for the Orb.
     0 | D:1      | Reached XP level 1. HP: 19/19 MP: 1/1
   386 | D:1      | Reached XP level 2. HP: 19/26 MP: 2/2
   884 | D:2      | Reached XP level 3. HP: 32/33 MP: 3/3
   888 | D:2      | Reached ** piety under Trog
  1138 | D:2      | HP: 1/33 [worm (9)]
  1176 | D:2      | Reached XP level 4. HP: 7/40 MP: 4/4
  1817 | D:3      | Noticed an ogre
  1852 | D:2      | Killed an ogre
  1852 | D:2      | Reached XP level 5. HP: 38/47 MP: 5/5
  1936 | D:3      | Killed from afar by an orc priest

Skill      XL: |  1  2  3  4 |
---------------+-------------+-----
Dodging        | 3 |  3.7
Fighting       | 4 |  4.4
Long Blades    | 4 |  4.6
Stealth        | |  0.2

Action                   |  1- 3 |  4- 6 || total
-------------------------+-------+-------++-------
Melee: Falchion          |   101 |    62 ||   163
       Tailslap          |    16 |    13 ||    29
  Use: Potion            |     2 |     2 ||     4
  Eat: Fruit             |     1 |       ||     1
       Bread ration      |       |     1 ||     1
Armor: Skin              |    36 |    15 ||    51
Dodge: Dodged            |    82 |    49 ||   131
       Rpst.: Falchion   |    30 |    14 ||    44
